 Dungeon Crawl Stone Soup version 0.22.1-2-g9c5b331383 (webtiles) character file.

909 Cykl0x the Shield-Bearer (level 8, 0/49 HPs)
             Began as a Gargoyle Fighter on Nov 19, 2018.
             Killed from afar by an orc wizard (4 damage)
             ... with a magic dart
             ... on level 5 of the Dungeon.
             The game lasted 00:11:16 (3545 turns).

Cykl0x the Shield-Bearer (Gargoyle Fighter)         Turns: 3545, Time: 00:11:17

Health: 0/49       AC: 16    Str: 21 (22) XL:     8   Next: 8%
Magic:  8/8        EV:  6    Int:  8 (10) God:
Gold:   190        SH: 10    Dex:  8 (11) Spells: 7/7 levels left

rFire    . . .     SeeInvis .   a - +2 war axe
rCold    . . .     Gourm    .   c - +0 shield
rNeg     + . .     Faith    .   k - +0 chain mail
rPois    ∞         Spirit   .   (no helmet)
rElec    +         Reflect  .   (no cloak)
rCorr    +         Harm     .   (no gloves)
MR       .....                  t - +0 pair of boots
Stlth    ..........             (no amulet)
HPRegen  0.16/turn              e - +3 ring of strength
MPRegen  0.11/turn              o - ring of resist corrosion

@: flying, very slightly contaminated, invisible
A: negative energy resistance 1, electricity resistance, unbreathing,
petrification resistance, rot immunity, AC +5
a: no special abilities


You were on level 5 of the Dungeon.
You were hungry.

You visited 1 branch of the dungeon, and saw 5 of its levels.
You also visited: Sewer.

You collected 190 gold pieces.

Inventory:

Hand Weapons
 a - a +2 war axe (weapon)
Armour
 b - a +0 scale mail
 c - a +0 shield (worn)
 k - a +0 chain mail (worn)
 r - a +0 chain mail
 t - a +0 pair of boots (worn)
Jewellery
 e - a +3 ring of strength (left hand)
 g - an uncursed ring of positive energy
 o - a ring of resist corrosion (right hand)
 p - an uncursed ring of poison resistance
 x - an uncursed ring of fire
Wands
 h - a wand of random effects (29)
 s - a wand of paralysis (14)
Scrolls
 u - a scroll of teleportation
 v - a scroll of magic mapping
Potions
 d - 2 potions of might
 l - 2 potions of flight
 m - a potion of berserk rage {unknown}
 n - a potion of lignification {unknown}
 q - a potion of mutation {unknown}
 w - a potion of heal wounds {unknown}
Comestibles
 f - 11 rations


   Skills:
 + Level 5.1 Fighting
 + Level 5.6 Axes
 + Level 4.3 Armour
 + Level 1.1 Dodging
 + Level 2.0 Stealth
 + Level 5.7 Shields
 + Level 0.1 Evocations


You had 7 spell levels left.
You didn't know any spells.
Your spell library was empty.

Dungeon Overview and Level Annotations

Branches:
Dungeon (5/15)
 Temple: D:4-7

Altars:
Kikubaaqudgha
Nemelex Xobeh
Qazlal


Innate Abilities, Weirdness & Mutations

You are resistant to torment.
Your stone body is resilient. (AC +5)
You are immune to poison.
You resist negative energy. (rN+)
You are resistant to electric shocks. (rElec)
You can survive without breathing.
You are immune to petrification.
You are immune to rotting.


Message History

The orc wizard gestures at you while chanting.
The magic dart hits you!
* * * LOW HITPOINT WARNING * * *
The scorpion stings you but does no damage.
A wight comes into view. It is wielding a mace.
Found a stone staircase leading up.
Your shield and chain mail prevent you from hitting the wight.
The wight is moderately damaged.
The wight barely misses you.
You slash the wight!
The wight is almost destroyed.
You catch the helpless scorpion completely off-guard!
You hit the scorpion but do no damage. You block the wight's attack.
You block the scorpion's attack. The wight hits you but does no damage.
The orc wizard points at the wight and mumbles some strange words.
The wight resists with some effort.
The orc wizard gestures at something while chanting.
The magic dart hits you!
You die...

#P....... .....#
#.......###.....#
#...............#
##...##..........##
#....<......##....
#....##.....##.#.####
#...##.....##.#....#
#..@...ozs.........#
#...##.....##.#.##.#
##..##.######.#....#
#...........s......
#...#.##.≈#........
#.#.#.##.)#........
..#.#.##.†(........
.. ...###)#....##.#
#..#.#.....#


You could see a scorpion, a wight and an orc wizard.

Vanquished Creatures
  A sky beast (D:5)
  An ogre (D:5)
  A centaur (D:5)
  2 bullfrogs (Sewer)
  A wight (D:5)
  An orc wizard (D:5)
  2 orc priests (D:5)
  2 worker ants (D:4)
  9 adders
  7 gnolls
  12 oozes (Sewer)
  2 worms
  14 leopard geckos
  6 orcs
  12 ball pythons
  8 bats
  18 giant cockroaches
  5 hobgoblins (D:2)
  14 jackals
  6 kobolds
  A quokka (D:4)
  12 frilled lizards
  2 goblins
  5 rats
144 creatures vanquished.

Notes
Turn   | Place    | Note
-------+----------+-------------------------------------------
     0 | D:1      | Cykl0x the Gargoyle Fighter began the quest for the Orb.
     0 | D:1      | Reached XP level 1. HP: 14/14 MP: 1/1
   302 | D:1      | Reached XP level 2. HP: 18/19 MP: 2/2
   860 | D:2      | Reached XP level 3. HP: 22/24 MP: 3/3
  1170 | D:2      | Reached XP level 4. HP: 14/29 MP: 4/4
  1818 | D:3      | Found a faded altar of an unknown god.
  1885 | D:3      | Found a glowing drain.
  1888 | D:3      | Reached XP level 5. HP: 33/33 MP: 5/5
  1902 | Sewer    | Entered a sewer
  2167 | Sewer    | Reached XP level 6. HP: 36/38 MP: 6/6
  2256 | Sewer    | Reached skill level 5 in Shields
  3005 | D:4      | Reached XP level 7. HP: 44/44 MP: 7/7
  3173 | D:4      | Found a sparkling altar of Nemelex Xobeh.
  3175 | D:4      | Found a stormy altar of Qazlal.
  3178 | D:4      | Found an ancient bone altar of Kikubaaqudgha.
  3474 | D:5      | Entered Level 5 of the Dungeon
  3500 | D:5      | Reached skill level 1 in Stealth
  3502 | D:5      | Reached skill level 5 in Axes
  3502 | D:5      | Reached skill level 1 in Dodging
  3512 | D:5      | Reached skill level 5 in Fighting
  3522 | D:5      | Reached XP level 8. HP: 21/49 MP: 8/8
  3528 | D:5      | HP: 1/49 [orc wizard/magic dart (2)]
  3545 | D:5      | Killed from afar by an orc wizard

Skill      XL: |  1  2  3  4  5  6  7 |
---------------+----------------------+-----
Axes           | 2 3 4 5 |  5.6
Shields        | 4 5 |  5.7
Armour         | 4 |  4.3
Fighting       | 4 5 |  5.1
Stealth        | 2 |  2.0
Dodging        | 1 |  1.1
Evocations     | |  0.1

Action                   |  1- 3 |  4- 6 |  7- 9 || total
-------------------------+-------+-------+-------++-------
Melee: War axe           |   114 |   257 |    74 ||   445
Evoke: Wand              |       |       |     1 ||     1
  Use: Scroll            |     3 |     4 |     2 ||     9
       Potion            |       |       |     3 ||     3
 Stab: Paralysed         |       |       |     4 ||     4
       Invisible         |       |       |     3 ||     3
  Eat: Chunk             |     1 |     7 |     1 ||     9
Armor: Scale mail        |    21 |       |       ||    21
       Chain mail        |    85 |   234 |    68 ||   387
Dodge: Dodged            |    33 |   100 |    25 ||   158
Block: Shield            |   101 |   221 |    50 ||   372
